 Dungeon Crawl Stone Soup version 0.17.1-3-g152610e (webtiles) character file.

208 Breadlance the Caller (level 5, -3/28 HPs)
             Began as a Deep Elf Summoner on Apr 5, 2016.
             Slain by an iguana (8 damage)
             ... on level 4 of the Dungeon.
             The game lasted 00:21:46 (5750 turns).

Breadlance the Caller (Deep Elf Summoner)           Turns: 5750, Time: 00:21:46

Health: -3/28      AC:  3    Str:  7 (9)  XL:     5   Next: 55%
Magic:  2/14       EV: 14    Int: 21      God:
Gold:   88         SH:  0    Dex: 15      Spells: 5 memorised, 1 level left

rFire  . . .     SeeInvis +     h - +0 dagger
rCold  . . .     Clarity  .     a - +1 robe
rNeg   . . .     SustAt   .     (no shield)
rPois  .         Gourm    .     (no helmet)
rElec  .         Spirit   .     (no cloak)
rCorr  .         Warding  .     (no gloves)
rMut   .         Stasis   .     (no boots)
MR     .....                    (no amulet)
Stlth  ++........               q - +4 ring of strength
                                j - ring of see invisible

@: very slightly contaminated, not resistant to hostile enchantments, unstealthy
A: no striking features
a: no special abilities


You were on level 4 of the Dungeon.
You were not hungry.

You visited 1 branch of the dungeon, and saw 4 of its levels.

You collected 88 gold pieces.

Inventory:

Hand Weapons
 h - a +0 dagger (weapon)
 t - a +0 blowgun
Missiles
 v - 4 poisoned needles
Armour
 a - a +1 robe (worn)
Jewellery
 j - a ring of see invisible (left hand)
 q - a +4 ring of strength (right hand)
Wands
 f - a wand of fireball (5)
Scrolls
 g - a scroll of immolation
 l - a scroll of identify
 m - a scroll of magic mapping {unknown}
 p - 2 scrolls of fog {unknown}
 u - 2 scrolls of remove curse {unknown}
Potions
 c - a potion of haste {unknown}
 d - a potion of magic {unknown}
 e - a potion of invisibility
 o - a potion of lignification
 s - 2 potions of flight
Books
 b - a book of Callings

   Spells                             Type                      Level
   a - Summon Small Mammal            Summoning                    1
   b - Call Imp                       Summoning                    2
   c - Call Canine Familiar           Summoning                    3
   d - Summon Guardian Golem          Hexes/Summoning              3
   e - Summon Lightning Spire         Summoning/Air                4
   f - Summon Ice Beast               Ice/Summoning                4
Comestibles
 i - a beef jerky
 r - a meat ration


   Skills:
 + Level 0.8 Fighting
 + Level 0.6 Short Blades
 + Level 4.2 Dodging
 + Level 2.7 Stealth
 + Level 5.0 Spellcasting
 + Level 5.4 Summonings


You had one spell level left.
You knew the following spells:

 Your Spells              Type           Power        Failure   Level  Hunger
a - Summon Small Mammal   Summ           ####         1%          1    None
b - Call Imp              Summ           ####....     1%          2    None
c - Call Canine Familiar  Summ           ####....     3%          3    ##.....
d - Summon Guardian Gole  Hex/Summ       ###.....     14%         3    ##.....
e - Summon Lightning Spi  Summ/Air       ###.....     41%         4    ####...


Dungeon Overview and Level Annotations

Branches:
Dungeon (4/15)
 Temple: D:4-7

Altars:
Ashenzari
Elyvilon
Kikubaaqudgha
Vehumet
Zin
The Shining One


Message History

w - Wait here. f - Follow me.
Anything else - Stay silent.
Gang up on whom?
Press: ? - help, Dir - move target cursor, f/p - iguana
Aim: an iguana (blue smoke, moderately wounded) Attack!
You hear a bark!
You hear a shout!
The iguana bites your hound!
Your hound bites the iguana but does no damage.
Your hound bites the iguana but does no damage.
Your hound barely misses the iguana.
Your hound closely misses the iguana.
The iguana misses you.
Your hound closely misses the iguana.
Your hound bites the iguana but does no damage.
Your hound misses the iguana.
Your hound bites the iguana but does no damage.
The iguana bites you!
* * * LOW HITPOINT WARNING * * *
Your hound bites the iguana but does no damage.
The iguana bites you!
You die...

......# ....
#...#########.#
#.......(.....##
#..............#
#.##....)......##
#.##............#
#.##..........#.
#.##....h.....#
#.##...@l<....#
#.##..........#
#.##..........#
#.##..........#
#.#############
#.# #.# #.# #.#


You could see an iguana and a friendly hound.

Vanquished Creatures
  An adder (D:2)
  A hobgoblin (D:2)
  3 kobolds
  A quokka (D:3)
  4 bats
  A giant newt (D:1)
  3 goblins (D:2)
  2 rats (D:2)
16 creatures vanquished.

Vanquished Creatures (collateral kills)
  A hippogriff (D:4)
  Terence (D:2)
  10 adders
  2 worms
  2 giant geckos (D:3)
  9 orcs
  2 ball pythons
  A giant cockroach (D:2)
  10 goblins
  9 hobgoblins
  2 jackals (D:2)
  7 kobolds
  8 bats
  A giant newt (D:1)
  3 quokkas
  8 rats
76 creatures vanquished.

Grand Total: 92 creatures vanquished

Notes
Turn   | Place    | Note
--------------------------------------------------------------
     0 | D:1      | Breadlance the Deep Elf Summoner began the quest for the Orb.
     0 | D:1      | Reached XP level 1. HP: 10/10 MP: 6/6
   480 | D:1      | Reached XP level 2. HP: 13/15 MP: 1/8
   486 | D:1      | Learned a level 2 spell: Call Imp
  1099 | D:2      | Noticed Terence
  1099 | D:2      | Reached XP level 3. HP: 11/19 MP: 3/10
  1146 | D:2      | Killed Terence
  1643 | D:2      | Found a radiant altar of Vehumet.
  1732 | D:2      | Learned a level 3 spell: Call Canine Familiar
  1736 | D:2      | Learned a level 3 spell: Summon Guardian Golem
  1873 | D:2      | Found an ancient bone altar of Kikubaaqudgha.
  2471 | D:2      | HP: 1/30 [poisoned by an adder]
  2889 | D:3      | Reached XP level 4. HP: 9/24 MP: 9/12
  3971 | D:3      | Found a shattered altar of Ashenzari.
  4177 | D:3      | Reached skill level 5 in Summonings
  4719 | D:3      | Found a white marble altar of Elyvilon.
  4719 | D:3      | Found a glowing silver altar of Zin.
  4719 | D:3      | Found a glowing golden altar of the Shining One.
  5612 | D:3      | Reached XP level 5. HP: 28/28 MP: 9/14
  5624 | D:3      | Learned a level 4 spell: Summon Lightning Spire
  5712 | D:4      | Noticed a hippogriff
  5720 | D:4      | Killed a hippogriff
  5720 | D:4      | Reached skill level 5 in Spellcasting
  5750 | D:4      | Slain by an iguana

Action                   |  1- 3 |  4- 6 || total
-------------------------+-------+-------++-------
Melee: Unarmed           |     4 |       ||     4
       Dagger            |    55 |    77 ||   132
 Cast: Summon Small Mamm |    15 |       ||    15
       Call Imp          |    21 |    20 ||    41
       Call Canine Famil |     6 |    13 ||    19
       Summon Guardian G |     2 |     8 ||    10
       Summon Lightning  |       |     1 ||     1
  Use: Potion            |     5 |       ||     5
       Scroll            |       |     6 ||     6
 Stab: Sleeping          |     2 |       ||     2
  Eat: Bread ration      |     2 |     1 ||     3
       Chunk             |       |     5 ||     5
